 Dungeon Crawl Stone Soup version 0.23.2-1-ga50397a6bc (webtiles) character file.

Game seed: 15210450946213366435

353 Mrkan the Cudgeler (level 6, -5/40 HPs)
             Began as a Gargoyle Fighter on May 17, 2019.
             Slain by a gnoll
             ... wielding a +0 halberd of venom
              (6 damage)
             ... on level 3 of the Dungeon.
             The game lasted 00:05:15 (2201 turns).

Mrkan the Cudgeler (Gargoyle Fighter)               Turns: 2201, Time: 00:05:16

Health: -5/40      AC: 11    Str: 19    XL:     6   Next: 62%
Magic:  6/6        EV:  7    Int: 11    God:
Gold:   130        SH:  9    Dex:  9    Spells: 5/5 levels left

rFire    . . .     SeeInvis .   a - +0 flail
rCold    . . .     Gourm    .   c - +0 shield
rNeg     + . .     Faith    .   b - +0 scale mail
rPois    ∞         Spirit   .   (no helmet)
rElec    +         Reflect  .   (no cloak)
rCorr    .         Harm     .   (no gloves)
MR       .....                  (no boots)
Stlth    ..........             (no amulet)
HPRegen  0.13/turn              (no ring)
MPRegen  0.10/turn              (no ring)

@: no status effects
A: negative energy resistance 1, electricity resistance, unbreathing,
petrification resistance, rot immunity, AC +4
a: no special abilities


You were on level 3 of the Dungeon.
You were hungry.

You visited 1 branch of the dungeon, and saw 3 of its levels.

You collected 130 gold pieces.

Inventory:

Hand Weapons
 a - a +0 flail (weapon)
Armour
 b - a +0 scale mail (worn)
 c - a +0 shield (worn)
 e - a +0 pair of gloves
 g - a +0 shield
Scrolls
 h - 4 scrolls of identify {unknown}
 i - a scroll of amnesia {unknown}
 j - a scroll of remove curse {unknown}
 l - a scroll of blinking {unknown}
 m - a scroll of enchant armour {unknown}
 n - a scroll of teleportation {unknown}
Potions
 d - a potion of might
 k - a potion of curing {unknown}
 o - a potion of magic {unknown}
 p - a potion of agility {unknown}
Comestibles
 f - 2 rations


   Skills:
 + Level 4.8 Fighting
 * Level 5.0 Maces & Flails
 - Level 3.2 Armour
 + Level 4.8 Shields


You had 5 spell levels left.
You didn't know any spells.
Your spell library was empty.

Dungeon Overview and Level Annotations

Branches:
Dungeon (3/15)

Altars:


Innate Abilities, Weirdness & Mutations

You are resistant to torment.
Your stone body is resilient. (AC +4)
You are immune to poison.
You resist negative energy. (rN+)
You are resistant to electric shocks. (rElec)
You can survive without breathing.
You are immune to petrification.
You are immune to rotting.


Message History

The gnoll is severely wounded.
The gnoll hits you with a +0 flail.
* * * LOW HITPOINT WARNING * * *
The gnoll barely misses you.
You sock the gnoll!
You kill the gnoll!
The gnoll hits you from afar with a +1 halberd of venom.
* * * LOW HITPOINT WARNING * * *
The gnoll hits you from afar with a +0 halberd of venom.
* * * LOW HITPOINT WARNING * * *
The gnoll closely misses you.
You see here a +0 flail.
You hit the gnoll.
You kill the gnoll!
Your Maces & Flails skill increases to level 5!
The gnoll closely misses you.
The gnoll hits you from afar with a +0 spear.
* * * LOW HITPOINT WARNING * * *
The gnoll hits you with a +0 halberd of venom.
You die...

.......# .......##...... #.#
.......##...... #.#
.......##...... #.#
.......##...... #)# +#######
..... #.# ....# ... #.# ....#
#.#####.############ ...(#######
#gg@)...............
#.##).....##########.############
...))...........................>
..##......##########.#.##########
...#......# #.#.# #
.#.#......##########.#.# #
.#.#......##....#....#.# #
..........##....#....#.# #
..........##....#....#.##########


You could see 2 gnolls.

Vanquished Creatures
  Sigmund (D:2)
  A howler monkey (D:3)
  Terence (D:2)
  2 gnolls (D:3)
  5 adders
  A worm (D:3)
  2 leopard geckos (D:1)
  6 orcs (D:3)
  3 giant cockroaches (D:3)
  6 goblins
  3 hobgoblins
  6 jackals
  A quokka (D:2)
  5 bats
  3 frilled lizards (D:3)
  8 kobolds
  3 rats
57 creatures vanquished.

Notes
Turn   | Place    | Note
-------+----------+-------------------------------------------
     0 | D:1      | Mrkan the Gargoyle Fighter began the quest for the Orb.
     0 | D:1      | Reached XP level 1. HP: 14/14 MP: 1/1
    77 | D:1      | Reached XP level 2. HP: 7/19 MP: 2/2
   619 | D:2      | Noticed Terence
   625 | D:2      | Killed Terence
   625 | D:2      | Reached skill level 3 in Maces & Flails
   625 | D:2      | Reached XP level 3. HP: 20/24 MP: 3/3
   772 | D:2      | Noticed Sigmund
   814 | D:2      | Killed Sigmund
   814 | D:2      | Reached skill level 4 in Maces & Flails
   814 | D:2      | Reached XP level 4. HP: 2/30 MP: 4/4
   814 | D:2      | Reached XP level 5. HP: 2/34 MP: 5/5
  1337 | D:2      | Reached XP level 6. HP: 39/39 MP: 6/6
  2200 | D:3      | Reached skill level 5 in Maces & Flails
  2201 | D:3      | HP: 1/40 [gnoll/+0 spear (6)]
  2201 | D:3      | Slain by a gnoll

Skill      XL: |  1  2  3  4  5  6 |
---------------+-------------------+-----
Maces & Flails | 3 4 5 |  5.0
Fighting       | 4 |  4.8
Shields        | 4 |  4.8
Armour         | |  3.2

Action                   |  1- 3 |  4- 6 || total
-------------------------+-------+-------++-------
Melee: Flail             |   131 |   162 ||   293
  Eat: Chunk             |       |     4 ||     4
Armor: Scale mail        |    83 |    95 ||   178
Dodge: Dodged            |    44 |    47 ||    91
Block: Shield            |    82 |   116 ||   198
